[Event "Team 45 45 League T30"]
[Site "Internet Chess Club"]
[Date "2006.03.31"]
[Round "1"]
[White "Slop"]
[Black "burnsja2003"]
[Result "1-0"]
[WhiteElo "1805"]
[BlackElo "1746"]
[TimeControl "2700+45"]

1. e4 c5 2. c3 d5 3. exd5 Qxd5 4. d4 e6 5. Nf3 Nf6 6. Na3 cxd4 7. Nb5 Na6 8.
Nbxd4 Qd8 9. Bxa6 bxa6 10. O-O Be7 11. Bf4 O-O 12. Nc6 Qxd1 13. Nxe7+ Kh8 14.
Raxd1 Bb7 15. Bd6 Rfe8 16. Ne5 g6 17. Nxf7+ Kg7 18. Ng5 Bd5 19. Nxd5 Nxd5 20.
Nxe6+ Rxe6 21. Rxd5 Kf6 22. Bc5 Re2 23. Rd6+ Kf5 24. Ba3 a5 25. Rd5+ Ke4 26.
Rxa5 Kd3 27. Rd5+ Kc2 28. Rd7 h5 29. Rd6 g5 30. Rg6 g4 31. Rg5 Rh8 32. Rg7 a6
33. Rg6 a5 34. Rg5 a4 35. Rd5 h4 36. Rf5 Rhe8 37. Rf4 g3 38. fxg3 hxg3 39. hxg3
R8e3 40. R1f2 Kd1 41. Rxe2 Rxe2 42. g4 Re8 43. g5 Ke2 44. g6 Rh8 45. g7 Rg8 46.
Bf8 {Black resigns} 1-0  aics%

[Event "Team 45 45 League T30"]
[Site "Internet Chess Club"]
[Date "2006.03.24"]
[Round "1"]
[White "RingLord"]
[Black "wojozim"]
[Result "0-1"]
[WhiteElo "1656"]
[BlackElo "1586"]
[TimeControl "2700+45"]

1. e4 d6 2. d4 Nf6 3. Bd3 e5 4. c3 c6 5. Nf3 Bg4 6. Nbd2 Be7 7. h3 Bxf3 8. Nxf3
Nbd7 9. Be3 Qc7 10. Qb3 O-O 11. g4 d5 12. exd5 e4 13. g5 exd3 14. gxf6 Bxf6 15.
O-O-O c5 16. c4 cxd4 17. Nxd4 b5 18. Qxb5 Rfb8 19. Qa4 Nc5 20. Qa3 Be7 21. Nb5
Rxb5 22. b4 Nd7 23. Qxd3 Rxb4 24. Kd2 Qxc4 25. Qxc4 Rxc4 26. Ke2 Rc2+ 27. Kf3
Rxa2 28. d6 Bf6 29. Rhe1 Ra6 30. Bf4 Ra3+ 31. Kg4 Ra4 32. Kg3 a5 33. Rc1 Ra3+
34. f3 Rc3 35. Rxc3 Bxc3 36. Re7 Rd8 37. Re4 f6 38. Ra4 Bb4 39. Kg4 Ne5+ 40. Kf5
Rxd6 41. Bxe5 fxe5 42. Kxe5 Rh6 43. f4 Rxh3 44. f5 h5 45. Ke6 Ra3 {White
resigns} 0-1  aics%

[Event "Team 45 45 League T30"]
[Site "Internet Chess Club"]
[Date "2006.03.25"]
[Round "1"]
[White "achessman"]
[Black "Knightstorm57"]
[Result "1-0"]
[WhiteElo "2041"]
[BlackElo "1843"]
[TimeControl "2700+45"]

1. e4 c5 2. b3 Nc6 3. Bb2 d6 4. Nc3 e5 5. Bc4 Nf6 6. d3 g6 7. Nge2 Bg7 8. O-O
O-O 9. h3 Be6 10. f4 Bxc4 11. dxc4 Nd4 12. Qd3 Ne8 13. Rad1 f5 14. Nd5 fxe4 15.
Qxe4 Nxe2+ 16. Qxe2 exf4 17. Bxg7 Kxg7 18. Nxf4 Nc7 19. Qe4 b6 20. Qc6 Rf6 21.
Nh5+ gxh5 22. Rxf6 Qxf6 23. Qxc7+ Kg8 24. Qxd6 Qxd6 25. Rxd6 Re8 26. Rd7 Re2 27.
Rxa7 Rxc2 28. Ra6 Kf7 29. a4 {Black resigns} 1-0  aics%

[Event "Team 45 45 League T30"]
[Site "Internet Chess Club"]
[Date "2006.03.27"]
[Round "1"]
[White "rss"]
[Black "tourettes"]
[Result "0-1"]
[WhiteElo "1809"]
[BlackElo "1749"]
[TimeControl "2700+45"]

1. e4 e6 2. d3 d5 3. Nd2 dxe4 4. dxe4 Nc6 5. c3 Nf6 6. g3 Bc5 7. Bg2 Ne5 8. Bf1
Nfg4 9. Nh3 Qf6 10. Qe2 O-O 11. f3 Ne3 12. Rb1 Rd8 13. Bg2 Nd3+ {White resigns}
0-1  aics%

[Event "Team 45 45 League T30"]
[Site "Internet Chess Club"]
[Date "2006.03.26"]
[Round "1"]
[White "kingfischer57"]
[Black "Ferreruela"]
[Result "1-0"]
[WhiteElo "1784"]
[BlackElo "1722"]
[TimeControl "2700+45"]

1. d4 Nf6 2. c4 e5 3. dxe5 Ne4 4. a3 Qh4 5. g3 Qh5 6. Nf3 a5 7. Nbd2 Nxd2 8.
Qxd2 Bc5 9. Qg5 Qxg5 10. Nxg5 Ra6 11. Bg2 O-O 12. O-O Nc6 13. Nf3 Nd4 14. Nxd4
Bxd4 15. Rb1 Bxe5 16. b3 Rg6 17. Bb2 Bxb2 18. Rxb2 c6 19. Rd2 d6 20. Rfd1 Rd8
21. e4 Bg4 22. f3 Bc8 23. e5 b5 24. exd6 bxc4 25. bxc4 Ba6 26. c5 Rg5 27. Rc1
Rd5 28. Rxd5 cxd5 29. f4 Bc4 30. Bf1 Bxf1 31. Kxf1 Kf8 32. Rd1 Ke8 33. Rxd5 Kd7
34. Rd1 Kc6 35. Rc1 Rb8 36. Rc3 Rb1+ 37. Kg2 Rb2+ 38. Kh3 a4 39. Rc4 Rb3 40.
Rxa4 Kxc5 41. d7 Rd3 42. Ra7 f6 43. d8=Q Rxd8 44. Rxg7 Kd5 45. Rxh7 Ra8 46. Kg4
Ke6 47. h4 Rxa3 48. h5 f5+ 49. Kh4 Kf6 50. Rh6+ Kg7 51. Rb6 Ra5 52. Kg5 Ra3 53.
Rg6+ Kh7 54. Kxf5 Ra5+ 55. Kg4 Rb5 56. f5 Rb4+ 57. Kg5 Rb5 58. g4 Rd5 59. Re6
Ra5 60. Kh4 Kg7 61. h6+ Kh7 62. Kh5 Rd5 63. Rf6 Rd1 64. Rf7+ Kg8 65. Ra7 Rd6 66.
g5 Rd5 67. Kg6 Rd6+ 68. f6 Rd8 69. Re7 Kh8 70. Kh5 Kg8 71. f7+ Kf8 72. Re8+ Rxe8
73. fxe8=Q+ Kxe8 74. h7 {Black resigns} 1-0  aics%

[Event "Team 45 45 League T30"]
[Site "Internet Chess Club"]
[Date "2006.03.25"]
[Round "1"]
[White "dondel"]
[Black "crankn8tr"]
[Result "0-1"]
[WhiteElo "1650"]
[BlackElo "1602"]
[TimeControl "2700+45"]

1. d4 Nf6 2. c4 e6 3. Bf4 b6 4. Nd2 Bb7 5. Ngf3 d5 6. e3 Nbd7 7. h3 Be7 8. Bd3
O-O 9. a3 c5 10. g4 cxd4 11. exd4 Ne4 12. cxd5 Nxd2 13. Qxd2 Bxd5 14. Be2 Rc8
15. O-O Nf6 16. Ne5 Ne4 17. Qe3 f6 18. Nf3 Qd7 19. Rac1 Bd6 20. Bxd6 Qxd6 21.
Rxc8 Rxc8 22. Rc1 Rxc1+ 23. Qxc1 Qc6 24. Qd1 Nd6 25. g5 Nf5 26. gxf6 gxf6 27. b3
Qc3 28. Bd3 Bxb3 29. Qe2 Nxd4 30. Nxd4 Qxd4 31. Qd2 Qa1+ 32. Kh2 Qe5+ 33. Kg2
Qg5+ 34. Qxg5+ fxg5 35. Kf3 h6 36. Be4 Kf7 37. Kg4 Bd5 38. Bd3 a5 39. f4 gxf4
40. Kxf4 Kf6 41. h4 e5+ 42. Ke3 Ke6 43. h5 Kd6 44. Be2 Kc5 45. Bd3 a4 46. Be2 b5
47. Bd3 b4 48. axb4+ Kxb4 49. Bb1 Kc3 50. Ke2 Bb3 51. Ke1 Kb2 52. Bd3 a3 {White
resigns} 0-1  aics%

[Event "Team 45 45 League T30"]
[Site "Internet Chess Club"]
[Date "2006.03.26"]
[Round "1"]
[White "Fredbob"]
[Black "Sir-Knightly"]
[Result "0-1"]
[WhiteElo "2107"]
[BlackElo "2256"]
[TimeControl "2700+45"]

1. e4 e6 2. d4 d5 3. e5 c5 4. c3 Qb6 5. Nf3 Bd7 6. a3 a5 7. Be2 Bb5 8. c4 dxc4
9. Nc3 Bc6 10. d5 exd5 11. Nxd5 Qd8 12. Bxc4 b5 13. Bg5 Be7 14. Nxe7 Nxe7 15.
Qxd8+ Kxd8 16. Bxf7 Bxf3 17. gxf3 Nc6 18. Bd5 Rc8 19. Be6 Rc7 20. O-O-O+ Ke8 21.
f4 Rf8 22. Rd6 Nf5 23. Bxf5 Rxf5 24. e6 h6 25. Bh4 Rxf4 26. Bg3 Re4 27. Rhd1 Rc8
28. R1d5 Nd4 29. Be5 Re1+ {White resigns} 0-1  aics%

[Event "Team 45 45 League T30"]
[Site "Internet Chess Club"]
[Date "2006.03.25"]
[Round "1"]
[White "Aubie"]
[Black "RameshB"]
[Result "0-1"]
[WhiteElo "1998"]
[BlackElo "1941"]
[TimeControl "2700+45"]

1. d4 d5 2. Nf3 Nf6 3. c4 e6 4. Nc3 Be7 5. Bg5 O-O 6. e3 c6 7. cxd5 exd5 8. Bd3
Nbd7 9. O-O Re8 10. Rb1 Nf8 11. h3 Ne4 12. Bxe7 Qxe7 13. Bxe4 dxe4 14. Nd2 Bf5
15. Qh5 Bg6 16. Qg4 f5 17. Qg3 b5 18. Rfc1 Ne6 19. d5 f4 20. Qg4 cxd5 21. Nxb5
Qb4 22. Nc3 d4 23. a3 Qa5 24. Nc4 Qd8 25. Nb5 Qd5 26. a4 Rf8 27. b3 Rf6 28. Rd1
Bh5 29. Qh4 Bxd1 30. Rxd1 Rh6 31. Qe7 Qd8 32. Qb7 Nc5 33. Qc7 Qxc7 34. Nxc7 Rc8
35. Nb5 Nxb3 36. Ncd6 Rc1 37. Rxc1 Nxc1 38. Nxe4 dxe3 39. fxe3 fxe3 40. Kf1 Rh4
41. Nbc3 Rf4+ 42. Ke1 h6 43. g3 Rf5 44. Nd1 Re5 45. Ndc3 Kh7 46. Kd1 e2+ 47. Kd2
Kg6 {White resigns} 0-1  aics%

[Event "Team 45 45 League T30"]
[Site "Internet Chess Club"]
[Date "2006.03.25"]
[Round "1"]
[White "narog"]
[Black "SaltofLife"]
[Result "1-0"]
[WhiteElo "1933"]
[BlackElo "1909"]
[TimeControl "2700+45"]

1. d4 Nf6 2. Bg5 e6 3. e3 h6 4. Bxf6 Qxf6 5. g3 d5 6. Bg2 c5 7. Nf3 Nc6 8. O-O
Bd6 9. c3 O-O 10. Nbd2 cxd4 11. exd4 b5 12. a3 a5 13. Re1 Ba6 14. Nf1 b4 15.
axb4 axb4 16. Ne3 Rfc8 17. Qd2 bxc3 18. bxc3 h5 19. h4 Qd8 20. Ng5 Na5 21. Bf3
g6 22. Bxh5 Nb3 23. Qd1 Nxa1 24. Bxg6 fxg6 25. Ng4 Bf8 26. Qb1 Qd7 27. Nf6+
{Black resigns} 1-0  aics%

[Event "Team 45 45 League T30"]
[Site "Internet Chess Club"]
[Date "2006.03.27"]
[Round "1"]
[White "JudokaUsa"]
[Black "siddhu"]
[Result "1-0"]
[WhiteElo "1887"]
[BlackElo "1719"]
[TimeControl "2700+45"]

1. e4 e5 2. Nf3 Nc6 3. Bb5 Nf6 4. d3 d6 5. c3 g6 6. Bg5 Bg7 7. h3 Be6 8. Nbd2 a6
9. Ba4 b5 10. Bc2 O-O 11. O-O Qd7 12. d4 exd4 13. cxd4 d5 14. e5 Ne8 15. Nb3 f6
16. Nc5 Qc8 17. Nxe6 Qxe6 18. exf6 Bxf6 19. Bxf6 Qxf6 20. Bb3 Qf5 21. Rc1 Na5
22. Bc2 Qd7 23. Ne5 Qd6 24. b3 Nc6 25. Bxg6 Nxe5 26. Bxe8 Raxe8 27. dxe5 Rxe5
28. Qg4+ Kh8 29. Qd4 Kg8 30. Rc3 Re4 31. Rg3+ Kf7 32. Qg7+ Ke8 33. Qxh7 Qe7 34.
Qg6+ Kd8 35. Qxa6 Qc5 36. Rg7 Re7 37. Qa8+ {Black resigns} 1-0  aics%

[Event "Team 45 45 League T30"]
[Site "Internet Chess Club"]
[Date "2006.03.25"]
[Round "1"]
[White "DTK"]
[Black "trophyking"]
[Result "1-0"]
[WhiteElo "2139"]
[BlackElo "2181"]
[TimeControl "2700+45"]

1. e4 e6 2. d3 d5 3. Qe2 Nc6 4. Nf3 e5 5. g3 Bg4 6. c3 Nf6 7. Bg2 dxe4 8. dxe4
Qd7 9. O-O O-O-O 10. Nbd2 Qd3 11. Qxd3 Rxd3 12. Ne1 Rd7 13. Nef3 Bd6 14. Re1 h6
15. Nc4 Be6 16. Nxd6+ Rxd6 17. b4 Bc4 18. Nh4 g6 19. f4 Nd7 20. Nf3 Rd3 21. a4
f6 22. Bd2 exf4 23. gxf4 g5 24. Bf1 Rxf3 25. Bxc4 gxf4 26. Rf1 Rxf1+ 27. Rxf1 f3
28. Kf2 Re8 29. Bd5 Nce5 30. Rg1 h5 31. Rg8 Rxg8 32. Bxg8 a5 33. Bb3 axb4 34.
cxb4 c5 35. bxc5 Nxc5 36. Bc2 Ng4+ 37. Kxf3 Nxh2+ 38. Kg2 Ng4 39. Kg3 {Black got
disconnected and forfeits} 1-0  aics%

[Event "Team 45 45 League T30"]
[Site "Internet Chess Club"]
[Date "2006.03.24"]
[Round "1"]
[White "matein7"]
[Black "daniel11"]
[Result "1-0"]
[WhiteElo "1941"]
[BlackElo "1880"]
[TimeControl "2700+45"]

1. d4 Nf6 2. Nf3 g6 3. c4 Bg7 4. Nc3 d6 5. e4 O-O 6. Be2 e5 7. O-O Nc6 8. d5 Ne7
9. Ne1 Nd7 10. Nd3 f5 11. b4 b6 12. c5 bxc5 13. bxc5 fxe4 14. cxd6 exd3 15. dxe7
Qxe7 16. Qxd3 Nb6 17. Ne4 h6 18. Ba3 Qf7 19. Bxf8 Bxf8 20. a4 a5 21. Rfd1 Ba6
22. Qc2 Bxe2 23. Qxe2 Nxd5 24. Rxd5 {Black resigns} 1-0  aics%